AoeStats
← Jesulito123

Arena

512393918Analyzed
4v4 RM · 10d ago on Oct 9, 2026· 43m 30s· 8 players
Game mode
Random Map
Map size
Large (8 player)
Population
200
Speed
Normal
Resources
Standard
Victory
Conquest
Starting age
Dark Age
Ending age
Imperial Age
RankedLock teamsTeams togetherTeam positionsShared explorationLock speedFull tech treeHidden civsTurbo modeCheats
Victory
Defeat
🇨🇳 Khmer · China
1097
+11
🇨🇳 Teutons · China
1018
+14
🇨🇭 Japanese · Switzerland
1018
+14
🇦🇹 Celts · Austria
969
+16
vs
🇪🇸 Franks · Spain
1041
-17
🇩🇪 Saracens · Germany
990
-14
🇪🇸 Inca · Spain
937
-12
🇪🇸 Georgians · Spain
924
-12
帝国浪子
4:09 Loom
10:38 Feudal Age
16:54 Castle Age
15:12 Double-Bit Axe
15:41 Horse Collar
17:50 Bow Saw
18:33 Heavy Plow
23:57 Wheelbarrow
23:21 Gold Mining
23:25 Town Watch
24:21 Stone Mining
26:15 Hand Cart
26:41 Fortified Wall
29:25 Imperial Age
26:50 Fletching
27:01 Padded Archer Armor
27:45 Masonry
28:37 Ballistics
29:54 Bodkin Arrow
30:14 Leather Archer Armor
30:55 Crop Rotation
31:27 Two-Man Saw
31:33 Chemistry
30:35 Squires
30:50 Forging
31:01 Capped Ram
32:22 Conscription
32:44 Ring Archer Armor
34:11 Iron Casting
33:38 Scale Mail Armor
Kris_Kong82
8:37 Loom
11:16 Feudal Age
17:04 Castle Age
19:33 Wheelbarrow
19:59 Double-Bit Axe
20:13 Fletching
20:48 Horse Collar
21:02 Gold Mining
26:22 Crossbowman
27:44 Hand Cart
28:43 Heavy Plow
28:53 Bodkin Arrow
29:08 Forging
28:59 Scale Mail Armor
29:20 Town Watch
31:17 Iron Casting
30:42 Padded Archer Armor
31:33 Gold Shaft Mining
31:18 Pikeman
35:21 Imperial Age
33:47 Chain Mail Armor
34:38 Bow Saw
35:45 Ballistics
35:21 Murder Holes
36:43 Conscription
37:04 Halberdier
38:48 Blast Furnace
39:18 Plate Mail Armor
38:27 Arbalester
39:42 Bracer
43:50 Two-Man Saw
Bantum
11:24 Feudal Age
12:11 Horse Collar
12:17 Double-Bit Axe
12:24 Gold Mining
13:59 Loom
16:54 Castle Age
29:55 Imperial Age
28:09 Bow Saw
28:59 Gold Shaft Mining
31:06 Wheelbarrow
30:34 Capped Ram
33:18 Scale Mail Armor
33:28 Forging
33:49 Conscription
33:10 Capped Ram
33:14 Pikeman
34:30 Hand Cart
35:51 Onager
36:32 Halberdier
37:53 Chain Mail Armor
42:05 Iron Casting
鸿翔光大
9:16 Feudal Age
14:01 Castle Age
12:13 Double-Bit Axe
15:59 Horse Collar
21:51 Wheelbarrow
21:04 Loom
21:45 Bow Saw
24:54 Ballistics
30:05 Imperial Age
27:41 Gold Mining
27:45 Stone Mining
31:59 Chemistry
30:22 Heavy Scorpion
32:17 Heavy Plow
32:34 Hand Cart
32:06 Town Watch
32:36 Fortified Wall
32:34 Double Crossbow
32:20 Light Cavalry
33:05 Husbandry
39:17 Bloodlines
39:45 Hussar
42:52 Forging
42:48 Scale Barding Armor
Diegoto86
8:46 Loom
11:18 Feudal Age
15:52 Castle Age
14:18 Horse Collar
14:26 Double-Bit Axe
30:59 Imperial Age
28:36 Scale Barding Armor
29:27 Wheelbarrow
29:03 Bow Saw
28:57 Heavy Plow
28:50 Gold Mining
28:52 Stone Mining
29:34 Forging
30:02 Redemption
30:35 Chain Barding Armor
30:42 Fervor
30:50 Hand Cart
31:47 Treadmill Crane
32:42 Crop Rotation
33:09 Conscription
33:26 Iron Casting
35:42 Blast Furnace
34:36 Town Watch
34:49 Onager
37:10 Plate Barding Armor
37:11 Bloodlines
38:19 Masonry
38:20 Fortified Wall
39:21 Hoardings
38:51 Husbandry
39:31 Scale Mail Armor
39:23 Fletching
39:55 Siege Engineers
40:06 Cavalier
41:36 Siege Onager
Falcata
10:17 Feudal Age
10:51 Double-Bit Axe
11:44 Wheelbarrow
12:11 Gold Mining
12:49 Stone Mining
19:33 Castle Age
20:33 Hand Cart
21:23 Bow Saw
28:22 Forging
28:13 Scale Mail Armor
28:33 Masonry
29:07 Loom
33:25 Imperial Age
31:39 Iron Casting
31:18 Horse Collar
32:14 Gold Shaft Mining
31:51 Caravan
33:03 Chain Mail Armor
35:01 Conscription
34:02 Elite Kamayuk
36:59 Chemistry
36:50 Heavy Scorpion
Jesulito123
3:26 Loom
11:30 Feudal Age
12:40 Double-Bit Axe
15:07 Castle Age
16:09 Bow Saw
19:04 Wheelbarrow
24:10 Forging
24:02 Husbandry
24:11 Gold Mining
26:34 Hand Cart
26:30 Stone Mining
28:11 Town Watch
30:09 Iron Casting
29:39 Scale Barding Armor
29:25 Fletching
32:34 Imperial Age
30:30 Caravan
32:37 Cavalier
33:39 Conscription
35:41 Blast Furnace
35:01 Chain Barding Armor
34:13 Paladin
39:33 Chemistry
38:53 Ballistics
38:30 Bodkin Arrow
39:11 Plate Barding Armor
40:09 Chivalry
40:25 Murder Holes
40:41 Masonry
41:09 Padded Archer Armor
41:10 Scale Mail Armor
Datta_reddy12
5:14 Loom
11:51 Feudal Age
17:44 Castle Age
16:09 Double-Bit Axe
16:08 Horse Collar
19:02 Bloodlines
20:51 Stone Mining
22:53 Wheelbarrow
25:28 Scale Barding Armor
26:27 Bow Saw
29:14 Husbandry
29:24 Heavy Plow
29:16 Gold Mining
33:50 Imperial Age
32:25 Fletching
34:28 Hand Cart
34:00 Town Watch
35:15 Conscription
35:11 Bodkin Arrow
35:44 Caravan
36:30 Padded Archer Armor
36:31 Bracer
37:51 Chain Barding Armor
38:37 Elite Mameluke
Connection lost

Rejoining the realm…

Still unreachable

The connection could not be restored.

Session expired

The server has moved on; the page needs a fresh start.